 Dungeon Crawl Stone Soup version 0.22-a0-63-geddfa9b (webtiles) character file.

1034 gmonis the Basher (level 8, -3/64 HPs)
             Began as a Minotaur Berserker on Jan 10, 2018.
             Was an Elder of Trog.
             Killed from afar by an electric eel (8 damage)
             ... with a bolt of electricity
             ... on level 6 of the Dungeon.
             The game lasted 00:07:32 (4872 turns).

gmonis the Basher (Minotaur Berserker)              Turns: 4872, Time: 00:07:34

Health: -3/64      AC:  6    Str: 30    XL:     8   Next: 3%
Magic:  7/7        EV: 11    Int:  4    God:    Trog [****..]
Gold:   230        SH:  0    Dex: 10    Spells: 7/7 levels left

rFire    . . .     SeeInvis +   a - +0 mace
rCold    . . .     Gourm    .   (no shield)
rNeg     . . .     Faith    .   r - +0 ring mail
rPois    .         Spirit   .   (helmet restricted)
rElec    .         Reflect  .   (no cloak)
rCorr    .         Harm     .   n - +0 pair of gloves
MR       .....                  (no boots)
Stlth    ..........             (no amulet)
HPRegen  0.20/turn              i - +6 ring of strength
MPRegen  0.10/turn              q - ring of see invisible

@: no status effects
A: retaliatory headbutt, horns 2
a: Berserk, Trog's Hand, Brothers in Arms, Burn Spellbooks, Renounce Religion


You were on level 6 of the Dungeon.
You worshipped Trog.
Trog was greatly pleased with you.
You were hungry.

You visited 2 branches of the dungeon, and saw 7 of its levels.

You collected 230 gold pieces.

Inventory:

Hand Weapons
 a - a +0 mace (weapon)
 b - the +1 hunting sling of the Several Places {velocity, rElec rF- Int+3}
   (You found it on level 3 of the Dungeon)

   Any stone fired from it inflicts extra damage.
   It affects your intelligence (+3).
   It makes you vulnerable to fire.
   It insulates you from electricity.
Missiles
 e - 240 stones (quivered)
Armour
 n - a +0 pair of gloves (worn)
 r - a +0 ring mail (worn)
 v - a +0 animal skin
Jewellery
 i - a +6 ring of strength (left hand)
 q - a ring of see invisible (right hand)
Scrolls
 d - a scroll of random uselessness {unknown}
 j - 4 scrolls of identify
 k - a scroll of enchant armour {unknown}
 l - 2 scrolls of remove curse
 m - a scroll of noise {unknown}
 o - a scroll of fear {unknown}
 s - a scroll of amnesia {unknown}
 u - 4 scrolls of teleportation {unknown}
Potions
 f - 2 potions of haste {unknown}
 g - 3 potions of curing {unknown}
 h - a potion of ambrosia {unknown}
 p - 2 potions of lignification {unknown}
 t - a potion of degeneration {unknown}
 w - a potion of invisibility {unknown}
 x - 2 potions of berserk rage {unknown}
 z - a potion of heal wounds {unknown}
Comestibles
 c - 10 rations


   Skills:
 - Level 3.6 Fighting
 + Level 11.5 Maces & Flails
 - Level 2.4 Armour
 - Level 2.1 Dodging


You had 7 spell levels left.
You didn't know any spells.

Dungeon Overview and Level Annotations

Branches:
Dungeon (6/15)             Temple (1/1) D:4

Altars:
Ashenzari
Cheibriados
Elyvilon
Fedhas
Gozag
Hepliaklqana
Kikubaaqudgha
Makhleb
Nemelex Xobeh
Okawaru
Qazlal
Ru
Sif Muna
Vehumet
Xom
Zin


Innate Abilities, Weirdness & Mutations

You reflexively headbutt those who attack you in melee.
You have a pair of horns on your head.


Message History

The bolt of electricity hits you! x2
* * * LOW HITPOINT WARNING * * *
The bullfrog zombie hits you but does no damage.
You sock the electric eel! Your headbutt misses the electric eel.
The electric eel is severely wounded.
The bullfrog zombie hits you but does no damage.
The dart slug launches a dart at you. The slug dart misses you.
Your unstable footing causes you to fumble your attack.
The bullfrog zombie hits you.
* * * LOW HITPOINT WARNING * * *
The electric eel shoots out a bolt of lightning at you!
The bolt of electricity misses you. The bullfrog zombie barely misses you.
The electric eel shoots out a bolt of lightning at you!
The bolt of electricity hits the electric eel.
The electric eel completely resists.
The bolt of electricity hits you!
* * * LOW HITPOINT WARNING * * *
The electric eel shoots out a bolt of lightning at you!
The bolt of electricity hits you!
You die...

.. .##≈≈.≈≈#..
..###.≈≈≈≈≈≈≈.##
....≈≈≈≈≈≈≈≈≈≈≈##
#.#≈≈≈≈ww.≈#≈≈≈≈#
#.w≈≈;≈...≈≈≈≈#.
#≈≈≈≈≈≈..≈≈≈≈≈≈≈
#≈≈#≈≈≈;#.;≈≈≈≈≈≈
#≈≈≈≈w≈≈...≈≈≈≈≈≈
..≈#≈≈≈≈Z@<≈##≈≈
.≈≈≈w≈≈≈.()≈≈≈≈≈#
.≈≈≈≈≈≈≈≈.#≈≈≈≈≈≈
.##≈≈≈≈≈≈/≈≈≈≈≈≈≈
#.≈≈≈≈$≈.w≈≈≈≈w.
...≈≈≈≈≈...≈≈#≈≈#
.?..≈#≈≈#≈≈≈≈≈≈..
#....#≈≈#≈≈≈.#.#


You could see 3 electric eels, 7 dart slugs and a bullfrog zombie.

Vanquished Creatures
  Grinder (D:5)
  The ghost of Klosterheim the Chiller, an amateur MfIE (D:4)
  Menkaure (D:5)
  A bullfrog zombie (D:5)
  2 crimson imps (D:5)
  A bullfrog skeleton (D:5)
  A hound (D:5)
  2 centaur skeletons (D:5)
  2 orc wizards
  2 iguanas (D:4)
  2 worker ants (D:5)
  5 adders
  An adder zombie (D:5)
  2 worms
  5 dart slugs
  A leopard gecko (D:4)
  16 orcs
  12 bats
  6 giant cockroaches
  11 goblins
  2 hobgoblins (D:3)
  7 jackals
  2 quokkas
  3 ball pythons
  A ball python skeleton (D:4)
  7 frilled lizards
  A jackal skeleton (D:4)
  8 kobolds
  6 rats
112 creatures vanquished.

Notes
Turn   | Place    | Note
-------+----------+-------------------------------------------
     0 | D:1      | gmonis the Minotaur Berserker began the quest for the Orb.
     0 | D:1      | Reached XP level 1. HP: 19/19 MP: 0/0
    35 | D:1      | Reached skill level 4 in Maces & Flails
   242 | D:1      | Reached XP level 2. HP: 25/26 MP: 1/1
   590 | D:2      | Reached ** piety under Trog
   646 | D:2      | Reached skill level 5 in Maces & Flails
   701 | D:2      | Reached XP level 3. HP: 29/31 MP: 2/2
   716 | D:2      | Found a sparkling altar of Nemelex Xobeh.
  1267 | D:2      | Found a burning altar of Makhleb.
  1601 | D:3      | Found a shimmering altar of Xom.
  1602 | D:3      | Noticed an angel
  1679 | D:3      | Found a glowing silver altar of Zin.
  1683 | D:3      | Reached XP level 4. HP: 39/39 MP: 3/3
  1693 | D:3      | Reached skill level 6 in Maces & Flails
  1901 | D:3      | Reached *** piety under Trog
  2104 | D:3      | Found a radiant altar of Vehumet.
  2146 | D:3      | Found an opulent altar of Gozag.
  2464 | D:3      | Reached XP level 5. HP: 32/45 MP: 4/4
  2465 | D:3      | Reached skill level 7 in Maces & Flails
  2474 | D:3      | Found a faded altar of an unknown god.
  2706 | D:3      | Got a shimmering hunting sling
  2707 | D:3      | Identified the cursed +1 hunting sling of the Several Places {velocity, rElec rF- Int+3} (You found it on level 3 of the Dungeon)
  2798 | D:4      | Found an iron altar of Okawaru.
  3312 | D:4      | Found a staircase to the Ecumenical Temple.
  3496 | D:4      | Noticed Klosterheim's ghost (amateur MfIE)
  3500 | Temple   | Entered the Ecumenical Temple
  3616 | D:4      | Killed Klosterheim's ghost
  3616 | D:4      | Reached skill level 8 in Maces & Flails
  3616 | D:4      | Reached XP level 6. HP: 51/51 MP: 5/5
  3680 | D:4      | Reached skill level 9 in Maces & Flails
  3828 | D:5      | Entered Level 5 of the Dungeon
  3990 | D:5      | Reached XP level 7. HP: 56/57 MP: 6/6
  4117 | D:5      | Noticed Menkaure
  4125 | D:5      | Killed Menkaure
  4125 | D:5      | Reached skill level 10 in Maces & Flails
  4296 | D:5      | Noticed Grinder
  4304 | D:5      | Killed Grinder
  4304 | D:5      | Reached **** piety under Trog
  4351 | D:5      | Reached skill level 11 in Maces & Flails
  4552 | D:5      | Reached XP level 8. HP: 53/64 MP: 7/7
  4872 | D:6      | Killed from afar by an electric eel

Vault maps used:
D:1:      mrwooster_arrival_statue
D:2:      lightli_temple_of_fire, nemelex_xobeh_ov_fountains_minmay,
          first_ration
D:3:      grunt_temple_overflow_order_and_chaos_1,
          nicolae_overflow_crystal_walls, old_standard_altar,
          chequers_ecumenical_altar_island, minivault_5
D:4:      kennysheep_okawaru_gauntlet, minmay_temple_entry_large_hall
D:5:      uniq_menkaure, uniq_grinder
D:6:      kennysheep_slugbush, grunt_temple_overflow_holy_war,
          lemuel_crystal_altar
Temple:   kb_temple_of_zot

Skill      XL: |  1  2  3  4  5  6  7 |
---------------+----------------------+-----
Maces & Flails | 4 5 6 8 9 11 | 11.5
Fighting       | |  3.6
Armour         | |  2.4
Dodging        | |  2.1

Action                   |  1- 3 |  4- 6 |  7- 9 || total
-------------------------+-------+-------+-------++-------
Melee: Mace              |    87 |   109 |    39 ||   235
       Headbutt          |     6 |    20 |    16 ||    42
Invok: Berserk           |       |     1 |     1 ||     2
  Use: Scroll            |       |     2 |       ||     2
 Stab: Sleeping          |       |     1 |       ||     1
  Eat: Chunk             |     2 |     5 |     3 ||    10
       Ration            |       |     1 |       ||     1
Armor: Animal skin       |    17 |    14 |       ||    31
       Ring mail         |       |    15 |    14 ||    29
Dodge: Dodged            |    68 |    62 |    13 ||   143

Table legend:
 A = Spawn XP
 B = Non-spawn XP
 C = Spawn XP percentage of total XP
 D = Spawn monster count
 E = Non-spawn monster count
 F = Spawn count percentage of total count
 G = Total turns spent on level
                    A         B        C        D         E        F      G
               +---------+---------+-------+---------+---------+-------+---------
         Total |       0 |    1478 |   0.0 |       0 |     112 |   0.0 |  4872
               +---------+---------+-------+---------+---------+-------+---------
           D:1 |       0 |      30 |   0.0 |       0 |      18 |   0.0 |   569
           D:2 |       0 |      49 |   0.0 |       0 |      21 |   0.0 |   816
           D:3 |       0 |     124 |   0.0 |       0 |      37 |   0.0 |  1364
           D:4 |       0 |     419 |   0.0 |       0 |      18 |   0.0 |   973
           D:5 |       0 |     856 |   0.0 |       0 |      18 |   0.0 |  1037
               +---------+---------+-------+---------+---------+-------+---------
